Map: Honorgrounds LE

Players

Alluton

  • Race: Protoss Protoss
  • League: Master
  • Spawn Location: 1:00

ALEXANDER - Winner!

  • Race: Zerg Zerg
  • League: Master
  • Spawn Location: 7:00

VOD

Have the link to the VOD?

Description

Time

  • Played on: March 15, 2017, 10:02 a.m.
  • Length: 11:22
Show
View Real Time Build Order
Export as new Build Order

Alluton Protoss 

Build Orders: 1 Gate Expand, Oracle Opening 

Get SALT Encoding   

  12  0:01  Probe (Chrono Boost)  
  13  0:11  Probe (Chrono Boost)  
  14  0:17  Pylon  
  14  0:22  Probe (Chrono Boost)  
  15  0:36  Probe (Chrono Boost)  
  15  0:39  Gateway  
  16  0:46  Probe (Chrono Boost)  
  16  0:47  Assimilator  
  18  0:57  Probe (Chrono Boost)  
  18  1:07  Probe (Chrono Boost)  
  19  1:23  Nexus  
  19  1:27  Probe (Chrono Boost)  
  20  1:37  Cybernetics Core  
  20  1:39  Probe (Chrono Boost)  
  21  1:47  Assimilator  
  21  1:50  Probe (Chrono Boost)  
  22  2:00  Probe (Chrono Boost)  
  23  2:03  Pylon  
  23  2:18  Adept, Warp Gate  
  26  2:22  Probe (Chrono Boost)  
  26  2:34  Probe (Chrono Boost)  
  26  2:35  Stargate  
  28  2:37  Probe (Chrono Boost)  
  28  2:44  Probe (Chrono Boost)  
  28  2:45  Zealot  
  28  2:47  Probe (Chrono Boost)  
  32  2:55  Probe (Chrono Boost)  
  32  2:58  Probe (Chrono Boost)  
  34  3:01  Pylon  
  34  3:06  Probe (Chrono Boost)  
  34  3:08  Probe (Chrono Boost)  
  36  3:14  Oracle  
  36  3:17  Probe (Chrono Boost)  
  36  3:19  Probe (Chrono Boost)  
  41  3:29  Probe (Chrono Boost)  
  41  3:30  Probe (Chrono Boost)  
  42  3:37  Pylon  
  42  3:40  Probe (Chrono Boost)  
  44  3:41  Probe (Chrono Boost)  
  44  3:50  Gateway  
  44  3:51  Probe (Chrono Boost), Gateway  
  44  3:52  Oracle  
  44  3:54  Probe (Chrono Boost)  
  46  4:01  Probe (Chrono Boost)  
  50  4:07  Probe (Chrono Boost)  
  49  4:15  Gateway  
  49  4:16  Probe (Chrono Boost)  
  50  4:20  Probe (Chrono Boost)  
  49  4:27  Probe (Chrono Boost)  
  49  4:29  Zealot, Nexus  
  53  4:32  Pylon  
  53  4:33  Probe (Chrono Boost)  
  53  4:34  Pylon  
  53  4:37  Probe (Chrono Boost)  
  54  4:40  Void Ray  
  54  4:45  Probe (Chrono Boost)  
  55  4:48  Probe (Chrono Boost)  
  60  4:57  Probe (Chrono Boost)  
  60  4:58  Probe (Chrono Boost)  
  59  5:00  Zealot  
  59  5:01  Zealot x2  
  65  5:09  Probe (Chrono Boost), Mothership Core (Chrono Boost)  
  65  5:11  Pylon  
  69  5:21  Probe (Chrono Boost)  
  69  5:22  Zealot  
  69  5:23  Zealot x2  
  69  5:28  Probe (Chrono Boost)  
  76  5:32  Assimilator  
  76  5:33  Probe (Chrono Boost), Assimilator  
  77  5:36  Assimilator  
  77  5:38  Probe (Chrono Boost)  
  77  5:39  Pylon  
  77  5:40  Assimilator  
  77  5:42  Probe (Chrono Boost)  
  79  5:45  Probe (Chrono Boost), Zealot x2  
  79  5:48  Zealot  
  79  5:49  Probe (Chrono Boost)  
  87  5:52  Probe (Chrono Boost)  
  89  5:57  Probe (Chrono Boost)  
  89  5:59  Probe (Chrono Boost)  
  90  6:04  Probe (Chrono Boost)  
  90  6:05  Robotics Facility  
  90  6:10  Probe x2 (Chrono Boost), Twilight Council  
  93  6:12  Forge  
  93  6:17  Zealot x2  
  93  6:18  Zealot  
  99  6:21  Probe (Chrono Boost)  
  99  6:23  Probe (Chrono Boost)  
  99  6:24  Pylon  
  101  6:31  Probe (Chrono Boost)  
  102  6:35  Protoss Ground Weapons Level 1  
  102  6:37  Pylon, Charge  
  102  6:41  Pylon  
  102  6:47  Zealot  
  102  6:48  Zealot x2  
  108  6:54  Templar Archives  
  108  7:00  Observer  
  109  7:11  Gateway  
  109  7:12  Gateway  
  109  7:15  Gateway  
  109  7:17  Gateway  
  109  7:19  Gateway  
  109  7:21  Gateway, Immortal  
  113  7:23  Gateway  
  113  7:24  Robotics Facility  
  113  7:26  Gateway  
  113  7:39  Zealot  
  113  7:40  Zealot x2  
  119  7:44  Nexus  
  119  7:46  Pylon  
  119  7:48  Pylon  
  119  7:51  Pylon  
  119  7:55  Pylon  
  119  7:58  Pylon  
  119  8:00  Immortal  
  119  8:01  High Templar x3  
  119  8:02  Pylon  
  129  8:06  Photon Cannon  
  129  8:12  Pylon  
  129  8:14  Photon Cannon, Protoss Ground Armor Level 1  
  129  8:20  Immortal  
  129  8:21  Archon  
  129  8:22  Zealot, High Templar  
  134  8:32  Archon  
  134  8:38  Assimilator  
  134  8:40  Immortal, Zealot x3, High Templar x2, Assimilator  
  148  8:46  Archon  
  148  8:51  Psionic Storm  
  148  8:56  Probe (Chrono Boost)  
  148  8:59  Immortal  
  153  9:19  Immortal  
  157  9:26  High Templar x2  
  157  9:27  Zealot x7  
  175  9:32  Photon Cannon  
  175  9:34  Photon Cannon  
  175  9:39  Pylon  
  175  9:42  Immortal  
  179  9:53  Nexus  
  179  9:57  Pylon  
  179  9:58  Warp Prism  
  171  10:11  High Templar x5  
  181  10:19  Archon x2  
  181  10:22  Photon Cannon  
  181  10:23  Immortal  
  181  10:24  Photon Cannon  
  181  10:26  Photon Cannon  
  177  10:35  High Templar x4  
  183  10:44  Archon  
  183  10:45  Archon  
  183  10:56  Zealot x2  
  183  10:57  Zealot x4  
  149  11:00  Zealot  
  104  11:11  High Templar  
  104  11:12  High Templar  
  104  11:16  Zealot, Archon  
Show
View Real Time Build Order
Export as new Build Order

ALEXANDER Zerg - Winner!

Build Orders: Hatch First 

Get SALT Encoding   

  12  0:00  Drone  
  13  0:09  Drone  
  14  0:18  Overlord  
  14  0:22  Extractor  
  14  0:23  Drone  
  15  0:36  Drone  
  15  0:37  Drone  
  17  0:54  Hatchery  
  17  0:56  Drone  
  17  1:00  Extractor  
  17  1:01  Drone  
  17  1:17  Spawning Pool  
  16  1:20  Drone  
  16  1:23  Drone  
  18  1:27  Drone  
  19  1:37  Overlord  
  19  1:49  Drone  
  20  1:58  Drone  
  21  2:04  Queen, Metabolic Boost  
  21  2:06  Zergling x2  
  24  2:13  Queen  
  26  2:16  Drone  
  26  2:19  Drone  
  28  2:23  Drone  
  28  2:28  Drone  
  30  2:32  Drone  
  31  2:39  Drone  
  32  2:46  Hatchery  
  32  2:48  Drone  
  32  2:52  Zergling x2  
  32  2:57  Overlord  
  33  3:02  Zergling x2  
  33  3:05  Zergling x2  
  35  3:10  Zergling x2  
  36  3:15  Drone x2  
  36  3:16  Drone  
  39  3:23  Zergling x4  
  39  3:24  Zergling x6  
  43  3:33  Overlord  
  43  3:34  Drone  
  43  3:41  Overlord  
  43  3:43  Queen  
  43  3:44  Spore Crawler  
  43  3:45  Spore Crawler  
  43  3:46  Drone  
  44  3:53  Drone x3  
  47  3:58  Queen  
  47  3:59  Spore Crawler  
  47  4:01  Drone  
  48  4:03  Drone x2  
  48  4:06  Drone  
  47  4:18  Drone x2  
  47  4:19  Drone  
  47  4:20  Drone x5  
  54  4:27  Drone x2  
  56  4:33  Zergling x6  
  59  4:41  Overlord  
  59  4:43  Drone x2  
  59  4:45  Lair, Extractor x2  
  60  4:51  Drone x2  
  60  4:52  Drone x3  
  64  4:53  Drone  
  64  4:57  Drone x2  
  64  5:04  Overlord, Extractor  
  64  5:05  Drone x2  
  65  5:10  Drone x3  
  65  5:11  Evolution Chamber  
  65  5:12  Evolution Chamber  
  66  5:14  Drone  
  66  5:15  Drone x2  
  66  5:21  Drone  
  66  5:22  Drone x3  
  66  5:24  Baneling Nest  
  66  5:26  Drone x2  
  66  5:27  Drone  
  72  5:35  Drone  
  73  5:37  Drone x2  
  73  5:39  Zerg Missile Weapons Level 1  
  73  5:40  Zerg Ground Armor Level 1  
  73  5:41  Drone x2  
  77  5:45  Drone, Extractor  
  77  5:46  Extractor  
  76  5:50  Hydralisk Den, Overseer  
  76  5:54  Zergling x8  
  79  5:58  Overlord  
  79  5:59  Overlord  
  79  6:03  Drone x3  
  82  6:07  Overlord x2  
  81  6:18  Drone  
  81  6:19  Drone, Overlord x2  
  81  6:24  Muscular Augments  
  81  6:25  Hydralisk  
  83  6:28  Hydralisk  
  83  6:30  Hatchery  
  86  6:34  Hydralisk x3  
  92  6:40  Centrifical Hooks  
  92  6:42  Drone x2  
  92  6:43  Drone x2  
  92  6:46  Drone x2  
  98  6:48  Baneling x5  
  98  6:49  Baneling x2  
  98  6:51  Drone  
  98  6:53  Drone x2  
  102  6:54  Drone  
  102  6:55  Drone  
  103  7:03  Hydralisk  
  103  7:04  Hydralisk x3  
  103  7:07  Overlord  
  111  7:08  Drone x2  
  111  7:10  Drone  
  111  7:11  Drone  
  115  7:16  Drone x2  
  115  7:17  Drone  
  115  7:20  Drone x2  
  119  7:22  Extractor  
  119  7:23  Extractor  
  119  7:24  Hydralisk x2  
  119  7:25  Hydralisk  
  117  7:45  Drone x2  
  117  7:46  Drone x4  
  117  7:47  Queen  
  117  7:51  Overlord x3, Hydralisk  
  125  7:53  Zergling x2  
  125  7:55  Spore Crawler  
  125  7:57  Baneling  
  125  7:58  Baneling x4  
  127  8:08  Overlord x2  
  127  8:09  Zerg Ground Armor Level 2, Zerg Missile Weapons Level 2  
  127  8:11  Hydralisk  
  127  8:12  Hydralisk x5  
  135  8:18  Hydralisk x3  
  145  8:21  Overlord  
  145  8:22  Overlord  
  145  8:32  Hydralisk x2  
  145  8:33  Hydralisk x4  
  157  8:36  Overlord  
  157  8:37  Overlord  
  157  8:39  Hydralisk  
  159  8:41  Zergling x2  
  159  8:42  Zergling x4  
  162  8:50  Zergling x2  
  162  8:51  Zergling x16  
  171  9:00  Baneling  
  171  9:01  Baneling x7  
  171  9:02  Zergling x8  
  175  9:05  Zergling x10  
  175  9:06  Zergling x2  
  181  9:16  Baneling x10  
  181  9:22  Baneling x4  
  181  9:27  Zergling x12  
  181  9:28  Zergling x2  
  181  9:29  Hatchery, Baneling x3  
  181  9:31  Baneling x10  
  187  9:39  Overlord x3  
  187  9:40  Hydralisk x2  
  187  9:42  Zergling x2  
  187  9:45  Baneling x13  
  192  9:46  Baneling x2  
  192  9:47  Baneling  
  192  9:48  Baneling x3  
  192  9:58  Baneling  
  192  9:59  Baneling x5  
  192  10:00  Overseer x2  
  189  10:08  Hydralisk x5  
  189  10:12  Spine Crawler  
  198  10:14  Spine Crawler  
  198  10:15  Spine Crawler  
  198  10:17  Spine Crawler, Extractor  
  193  10:22  Zergling x2  
  193  10:23  Zergling x12  
  198  10:34  Baneling  
  198  10:43  Hydralisk  
  197  10:53  Hydralisk x10  
  197  10:54  Zergling x6  
  197  10:55  Zergling x2  
  196  10:59  Zergling x16  
  196  11:00  Zergling x4  
  194  11:09  Overseer x2  
Tags
 
Add a new tag
Caveats
  • Supply blocks, unpowered buildings, or Contaminate may cause inaccurate times.
  • Supply counts are checked every 10 seconds.